Map: Beckett Industries LE

Players

MaxPax - Winner!

  • Race: Protoss Protoss

Vanya

  • Race: Zerg Zerg

Event: DreamHack SC2 Masters 2021 Winter

VOD

Have the link to the VOD?

Description

Time

  • Played on: Oct. 9, 2021, 1:50 p.m.
  • Length: 8:32

All games in this series

Show
View Real Time Build Order
Export as new Build Order

MaxPax Protoss - Winner!

Build Orders: Oracle Opening 

Get SALT Encoding   

  12  0:00  Probe  
  13  0:12  Probe  
  14  0:19  Pylon  
  14  0:24  Probe  
  15  0:37  Probe (Chrono Boost)  
  15  0:42  Gateway  
  16  0:47  Assimilator, Probe (Chrono Boost)  
  17  0:52  Probe (Chrono Boost)  
  18  1:04  Probe  
  19  1:07  Gateway  
  19  1:18  Probe  
  20  1:29  Cybernetics Core, Zealot  
  22  1:33  Probe, Pylon  
  23  1:54  Nexus  
  23  1:58  Probe  
  24  2:02  Adept (Chrono Boost)  
  26  2:09  Assimilator  
  26  2:12  Probe  
  27  2:22  Adept (Chrono Boost)  
  27  2:25  Probe  
  30  2:37  Probe  
  31  2:40  Stargate  
  31  2:55  Warp Gate  
  31  3:06  Probe  
  32  3:14  Void Ray (Chrono Boost)  
  32  3:17  Probe  
  32  3:18  Probe  
  34  3:29  Probe  
  34  3:30  Probe  
  36  3:35  Nexus  
  36  3:41  Probe, Pylon  
  37  3:42  Probe  
  37  3:48  Oracle (Chrono Boost)  
  38  3:53  Probe  
  38  3:54  Probe  
  43  4:00  Shield Battery  
  43  4:05  Probe (Chrono Boost)  
  43  4:09  Probe (Chrono Boost)  
  45  4:13  Assimilator  
  45  4:16  Assimilator  
  46  4:17  Probe (Chrono Boost)  
  46  4:23  Probe (Chrono Boost)  
  46  4:24  Probe (Chrono Boost)  
  47  4:26  Pylon  
  47  4:30  Probe  
  47  4:31  Void Ray, Probe  
  54  4:44  Probe (Chrono Boost), Forge  
  56  4:47  Protoss Air Weapons Level 1 (Chrono Boost), Probe (Chrono Boost)  
  56  4:48  Probe (Chrono Boost)  
  56  4:52  Adept  
  59  4:56  Probe (Chrono Boost)  
  59  4:57  Probe (Chrono Boost)  
  59  4:59  Probe (Chrono Boost)  
  62  5:00  Probe (Chrono Boost)  
  62  5:02  Probe (Chrono Boost)  
  64  5:07  Shield Battery  
  64  5:08  Probe  
  64  5:11  Void Ray (Chrono Boost), Probe  
  64  5:13  Probe  
  67  5:19  Stargate  
  67  5:21  Probe  
  72  5:23  Adept  
  72  5:28  Photon Cannon  
  75  5:31  Photon Cannon  
  75  5:33  Photon Cannon  
  74  5:38  Shield Battery  
  74  5:39  Photon Cannon  
  74  5:42  Shield Battery  
  74  5:44  Void Ray (Chrono Boost)  
  74  5:54  Pylon  
  74  5:55  Pylon  
  77  5:57  Shield Battery  
  77  6:03  Photon Cannon  
  77  6:06  Photon Cannon  
  77  6:10  Void Ray (Chrono Boost)  
  77  6:11  Shield Battery  
  77  6:15  Void Ray  
  77  6:16  Zealot  
  85  6:32  Photon Cannon  
  85  6:38  Photon Cannon  
  83  6:40  Gateway  
  83  6:44  Shield Battery  
  83  6:47  Pylon  
  82  6:59  Void Ray x2 (Chrono Boost)  
  79  7:05  Probe  
  81  7:11  Probe  
  81  7:14  Probe  
  82  7:17  Probe  
  83  7:30  Pylon  
  83  7:31  Pylon  
  83  7:34  Pylon  
  83  7:36  Cybernetics Core  
  83  7:45  Void Ray (Chrono Boost)  
  83  7:48  Probe x2, Pylon  
  83  7:49  Void Ray (Chrono Boost), Pylon  
  93  7:52  Probe  
  93  7:57  Gateway  
  94  7:58  Photon Cannon  
  94  8:04  Probe  
Show
View Real Time Build Order
Export as new Build Order

Vanya Zerg 

Build Orders: Pool First 

Get SALT Encoding   

  12  0:00  Drone  
  13  0:11  Overlord  
  13  0:16  Drone  
  14  0:31  Drone x2  
  16  0:40  Spawning Pool  
  15  0:44  Drone  
  16  1:06  Hatchery  
  16  1:09  Drone  
  16  1:13  Drone  
  16  1:18  Drone, Extractor  
  17  1:28  Queen  
  20  1:32  Zergling x2  
  20  1:36  Drone  
  21  1:44  Overlord  
  21  1:53  Drone  
  22  2:07  Drone  
  23  2:11  Hatchery  
  22  2:19  Queen  
  24  2:25  Zergling x2  
  24  2:26  Zergling x2  
  26  2:33  Metabolic Boost  
  26  2:38  Zergling x2  
  26  2:39  Drone  
  26  2:42  Drone  
  29  2:46  Drone  
  29  2:50  Drone x2  
  31  2:58  Queen  
  31  3:05  Overlord  
  33  3:06  Drone  
  33  3:15  Drone  
  33  3:19  Drone x2  
  35  3:20  Overlord  
  35  3:23  Queen  
  35  3:26  Drone  
  38  3:33  Drone x4  
  42  3:39  Overlord  
  42  3:43  Overlord  
  42  3:45  Drone x2  
  44  3:51  Queen  
  44  3:55  Drone x2  
  48  4:00  Queen  
  50  4:03  Drone x2  
  50  4:07  Drone x3  
  55  4:14  Drone x4  
  59  4:20  Roach Warren  
  59  4:23  Queen  
  60  4:31  Extractor, Overlord  
  60  4:33  Spore Crawler  
  60  4:34  Drone x2, Extractor  
  60  4:37  Drone x2  
  60  4:40  Drone x2  
  60  4:43  Overlord  
  62  4:48  Zergling x4  
  62  4:49  Zergling x2  
  62  4:50  Zergling x2  
  66  4:57  Spore Crawler  
  65  5:01  Overlord  
  65  5:03  Roach x4  
  73  5:12  Roach x4  
  81  5:18  Overlord x2  
  81  5:21  Zergling x2  
  81  5:22  Zergling x4  
  81  5:26  Zergling x6  
  86  5:31  Queen  
  86  5:33  Ravager  
  86  5:35  Overlord  
  89  5:37  Ravager x3  
  89  5:40  Zergling x2  
  89  5:41  Zergling x4  
  95  5:45  Zergling x8  
  95  5:47  Ravager  
  100  5:50  Zergling x4  
  100  5:54  Zergling x2  
  102  5:59  Zergling x10  
  102  6:01  Ravager  
  107  6:07  Zergling x4  
  107  6:08  Queen  
  101  6:26  Zergling x8  
  101  6:31  Zergling x6  
  100  6:34  Queen x2  
  92  6:41  Ravager x2  
  92  6:42  Drone x5  
  97  6:52  Drone x3  
  97  6:56  Drone  
  89  7:02  Drone  
  89  7:03  Drone  
  86  7:12  Zergling x2  
  86  7:13  Zergling x4  
  83  7:16  Queen x2  
  83  7:20  Hatchery  
  84  7:25  Zergling x6  
  75  7:32  Drone x2  
  75  7:33  Evolution Chamber  
  75  7:34  Extractor  
  75  7:36  Drone  
  75  7:37  Extractor x2  
  72  7:40  Drone, Spore Crawler  
  72  7:42  Drone, Spore Crawler  
  71  7:44  Drone  
  71  7:51  Drone x7  
  74  7:52  Queen x2  
  83  8:02  Zergling x12  

Tags
 
Add a new tag
Caveats
  • Supply blocks, unpowered buildings, or Contaminate may cause inaccurate times.
  • Supply counts are checked every 10 seconds.